 Dungeon Crawl Stone Soup version 0.24.1-8-ga250c9d538 (webtiles) character file.

Game seed: 14617735248488669463, levelgen mode: deterministic

37527 Lemonice the Thaumaturge (level 13, -5/103 HPs)
             Began as a Gnoll Skald on Apr 28, 2020.
             Was a Priest of Ru.
             Slain by an entropy weaver (12 damage)
             ... on level 4 of the Lair of Beasts.
             The game lasted 01:39:17 (15773 turns).

Lemonice the Thaumaturge (Gnoll Skald)             Turns: 15773, Time: 01:39:18

Health: -5/103     AC:  2    Str: 18    XL:     13   Next: 97%
Magic:  27/27      EV: 16    Int: 20    God:    Ru [***...]
Gold:   1243       SH: 10    Dex: 18    Spells: 19/32 levels left

rFire    + + +     SeeInvis +   F - +10 morningstar of Puroven {flame, rElec rPois Dex+3}
rCold    + . .     Gourm    .   z - +2 buckler of Responsibility {MR+}
rNeg     + . .     Faith    .   o - +4 scale mail {rF+}
rPois    +         Spirit   .   (helmet restricted)
rElec    +         Reflect  +   C - scarf {rC+ rF+}
rCorr    .         Harm     .   w - +1 pair of gloves
MR       ++...                  (no boots)
Stlth    +++.......             Z - +2 amulet of reflection
HPRegen  0.27/turn              G - ring "Alishab" {rF+ rN+ MR+ Int+4}
MPRegen  0.20/turn              K - ring of see invisible

@: exhausted, infused, corroded, no scrolls, lightly drained
A: distributed training, fangs 1, horns 1, fire resistance 1, subdued magic 1,
inability to read while threatened, hated by all, no air magic, no conjurations
magic, no transmutations magic, strong nose
a: Draw Out Power, Renounce Religion


You were on level 4 of the Lair of Beasts.
You worshipped Ru.
Ru was most pleased with you.
You were not hungry.

You visited 3 branches of the dungeon, and saw 17 of its levels.
You also visited: Sewer and Volcano.

You collected 1243 gold pieces.

Inventory:

Hand Weapons
 j - a +3 trident of venom
 D - a +8 scimitar of flaming
 F - the +10 morningstar of Puroven (weapon) {flame, rElec rPois Dex+3}
   (You found it on level 2 of the Lair of Beasts)

   It has been specially enchanted to burn those struck by it, causing extra
   injury to most foes and up to half again as much damage against particularly
   susceptible opponents.
   It affects your dexterity (+3).
   It insulates you from electricity.
   It protects you from poison.
Missiles
 u - 6 boomerangs (quivered)
Armour
 o - a +4 scale mail of fire resistance (worn)
 w - a +1 pair of gloves (worn)
 z - the +2 buckler of Responsibility (worn) {MR+}
   (You found it in a sewer)

   It affects your resistance to hostile enchantments.
 C - a scarf of resistance (worn)
 E - a +0 troll leather armour
 Q - the +3 robe of Folly {Archmagi, MR-- Int+5}
   (You found it on level 12 of the Dungeon)

   It affects your intelligence (+5).
   It affects your resistance to hostile enchantments.
Jewellery
 f - an uncursed ring of ice
 p - an uncursed ring of wizardry
 G - the ring "Alishab" (left hand) {rF+ rN+ MR+ Int+4}
   (You found it on level 2 of the Lair of Beasts)

   [ring of protection from magic]

   It affects your intelligence (+4).
   It protects you from fire.
   It protects you from negative energy.
   It affects your resistance to hostile enchantments.
 H - an uncursed ring of poison resistance
 K - a ring of see invisible (right hand)
 L - an uncursed ring of positive energy
 T - an uncursed ring of protection from fire
 V - an uncursed ring of resist corrosion
 Z - a +2 amulet of reflection (around neck)
Wands
 v - a wand of disintegration (17)
 B - a wand of flame (25)
 J - a wand of clouds (10)
 O - a wand of acid (7)
 P - a wand of polymorph (5)
 S - a wand of iceblast (16)
 Y - a wand of paralysis (5)
Scrolls
 b - a scroll of amnesia
 c - a scroll of remove curse
 q - a scroll of brand weapon
 r - 2 scrolls of immolation
 s - 2 scrolls of fear
 t - 2 scrolls of fog
 x - a scroll of magic mapping
 y - 6 scrolls of teleportation
Potions
 e - a potion of curing
 g - a potion of haste
 h - 6 potions of mutation
 i - a potion of magic
 k - 3 potions of resistance
 l - 4 potions of lignification
 m - 4 potions of flight
 n - 2 potions of brilliance
 A - 4 potions of agility
 M - 2 potions of invisibility
 N - 2 potions of might
 R - a potion of ambrosia
 W - a potion of cancellation
Miscellaneous
 U - a fan of gales
Comestibles
 d - 33 rations


   Skills:
 + Level 9.8(9.4) Fighting
 + Level 8.6(8.2) Short Blades
 + Level 9.8(9.4) Long Blades
 + Level 8.6(8.2) Axes
 + Level 8.6(8.2) Maces & Flails
 + Level 8.6(8.2) Polearms
 + Level 8.6(8.2) Staves
 + Level 8.6(8.2) Slings
 + Level 8.6(8.2) Bows
 + Level 8.6(8.2) Crossbows
 + Level 8.6(8.2) Throwing
 + Level 9.0(8.6) Armour
 + Level 9.8(9.4) Dodging
 + Level 8.6(8.2) Stealth
 + Level 8.6(8.2) Shields
 + Level 8.6(8.2) Unarmed Combat
 + Level 10.0(9.6) Spellcasting
   Level 0.0 Conjurations
 + Level 7.1(6.8) Hexes
 + Level 9.1(8.7) Charms
 + Level 7.1(6.8) Summonings
 + Level 7.1(6.8) Necromancy
 + Level 7.1(6.8) Translocations
   Level 0.0 Transmutations
 + Level 7.1(6.8) Fire Magic
 + Level 7.1(6.8) Ice Magic
   Level 0.0 Air Magic
 + Level 7.1(6.8) Earth Magic
 + Level 7.1(6.8) Poison Magic
 + Level 9.4(9.0) Invocations
 + Level 8.6(8.2) Evocations


You had 19 spell levels left.
You knew the following spells:

 Your Spells              Type           Power        Failure   Level  Hunger
a - Infusion              Chrm           ####         1%          1    None
b - Song of Slaying       Chrm           ####....     1%          2    None
c - Shroud of Golubria    Chrm/Tloc      ####..       1%          2    None
d - Regeneration          Chrm/Necr      ####......   1%          3    None
e - Spectral Weapon       Hex/Chrm       ####....     1%          3    None
f - Confusing Touch       Hex            ####..       1%          1    None
g - Animate Skeleton      Necr           N/A          1%          1    None

Your spell library contained the following spells:

 Spells                   Type           Power        Failure   Level  Hunger
 Apportation              Tloc           ####..       1%          1    None
 Inner Flame              Hex/Fire       ####....     2%          3    None
 Summon Small Mammal      Summ           Unusable     N/A         1    N/A
 Flame Tongue             Conj/Fire      Unusable     N/A         1    N/A
 Throw Flame              Conj/Fire      Unusable     N/A         2    N/A
 Conjure Flame            Conj/Fire      Unusable     N/A         3    N/A
 Sticky Flame             Conj/Fire      Unusable     N/A         4    N/A
 Fireball                 Conj/Fire      Unusable     N/A         5    N/A

Dungeon Overview and Level Annotations

Branches:
Dungeon (12/15)            Temple (1/1) D:6            Lair (4/6) D:10
  Swamp (0/4) Lair:2        Snake (0/4) Lair:3          Orc (0/2) D:12
  Sewer (visited)         Volcano (visited)

Altars:
Ashenzari
Cheibriados
Dithmenos
Elyvilon
Fedhas
Gozag
Hepliaklqana
Kikubaaqudgha
Makhleb
Nemelex Xobeh
Okawaru
Qazlal
Ru
Sif Muna
Trog
Uskayaw
Vehumet
Wu Jian
Xom
Yredelemnul
Zin
The Shining One

Annotations:
Lair:4 Sonja


Innate Abilities, Weirdness & Mutations

Your experience applies equally to all skills.
You have very sharp teeth.
You cannot read scrolls while threatened.
You are hated by all.
You cannot study or cast Air magic.
You cannot study or cast Conjurations magic.
You cannot study or cast Transmutations magic.
Your uncanny sense of smell can sniff out nearby items.
You have a pair of small horns on your head.
Your flesh is heat resistant. (rF+)
Your spells are a little easier to cast, but a little less powerful.


Message History

You redirect the soldier ant's attack!
The soldier ant stings the worker ant!
The worker ant is poisoned.
The soldier ant poisons the worker ant!
The entropy weaver hits you. The entropy weaver hits you! x2
* * * LOW HITPOINT WARNING * * *
The entropy weaver hits you!
* * * LOW HITPOINT WARNING * * *
The soldier ant stings you!
* * * LOW HITPOINT WARNING * * *
You are restored by drawing out deep reserves of power within.
You feel drained.
The soldier ant stings you but does no damage.
The worker ant bites you.
* * * LOW HITPOINT WARNING * * *
The entropy weaver barely misses you. The entropy weaver hits you!
* * * LOW HITPOINT WARNING * * *
The entropy weaver hits you.
* * * LOW HITPOINT WARNING * * *
The entropy weaver hits you!
You die...

..# ..# P.. ..# #.P#
##P..# #########...# #
#.aa##P..†P.# #. ∆
#†@a.##.).P.# ... ∆
###aa.....##.# #...
######P#..†..### .#
#..#......##.†..# # #
##...†..aaa.##..## ...
#...>...P..a...#.##.....
##.....†..a............h
#.....a.P#.....#...##.#
#.........##....#...##


You could see an entropy weaver, 3 soldier ants and a worker ant.

Vanquished Creatures
  An entropy weaver (Lair:4)
  A dire elephant (Lair:2)
  Fannar (Lair:2)
  2 hydras
  3 catoblepae
  Erica (D:10)
  4 two-headed ogres
  An unseen horror (D:10)
  2 ugly things
  An orc sorcerer (Volcano)
  2 cyclopes (D:12)
  Joseph (D:8)
  A smoke demon (Volcano)
  A molten gargoyle (Volcano)
  2 black mambas (Lair:1)
  Psyche (D:8)
  A centaur zombie (D:12)
  5 spiny frogs
  2 rime drakes
  8 komodo dragons
  A red devil (Volcano)
  A hornet (D:8)
  4 trolls
  9 blink frogs (Lair:1)
  3 hippogriffs
  A wraith (D:11)
  Sigmund (D:5)
  10 yaks
  2 fire bats (Volcano)
  A wyvern (Lair:2)
  A vampire mosquito (D:8)
  4 hogs (D:8)
  2 steam dragons
  A human (D:8)
  5 hungry ghosts
  4 nagas (Lair:3)
  Edmund (D:5)
  6 water moccasins
  12 soldier ants
  12 porcupines
  2 sky beasts
  2 hell hounds (Volcano)
  3 orc warriors
  2 ice beasts (D:8)
  An eye of draining (D:8)
  11 wolves
  4 black bears
  8 centaurs
  5 ogres
  3 phantoms (D:5)
  8 crocodiles
  3 big kobolds
  Blork the orc (D:5)
  21 bullfrogs
  5 scorpions
  A water moccasin skeleton (D:5)
  8 killer bees (D:9)
  3 wights (D:4)
  3 electric eels (Lair:2)
  A howler monkey (D:5)
  3 crimson imps
  3 bullfrog zombies
  5 lava snakes (Volcano)
  10 hounds
  4 orc priests
  2 bullfrog skeletons
  3 iguanas
  4 jellies
  A centaur skeleton (D:8)
  9 worker ants
  A merfolk siren (Sewer)
  9 orc wizards
  A merfolk avatar (Sewer)
  A killer bee zombie (D:8)
  2 hound zombies
  2 hound skeletons
  A howler monkey zombie (D:11)
  A worker ant zombie (D:5)
  A howler monkey skeleton (D:8)
  10 adders
  2 gnolls (D:3)
  5 river rats
  4 shadow imps
  2 adder zombies (D:8)
  An adder skeleton (D:6)
  4 worms
  2 dart slugs
  10 leopard geckos
  34 orcs
  6 ball pythons
  6 bats
  8 giant cockroaches
  4 goblins
  8 hobgoblins
  11 jackals
  19 kobolds
  3 quokkas
  9 frilled lizards
  A jackal zombie (D:5)
  A quokka skeleton (D:8)
  32 rats
  2 bushes (Lair:3)
  A fungus (D:10)
  3 plants (Lair:2)
  A spectral weapon (D:9)
469 creatures vanquished.

Vanquished Creatures (collateral kills)
  A rime drake (Lair:2)
  2 blink frogs (Lair:1)
  A yak (Lair:1)
  An orc (D:10)
  A fungus (D:10)
  A plant (Lair:1)
7 creatures vanquished.

Vanquished Creatures (others)
  A komodo dragon (Lair:2)
  A blink frog (Lair:1)
  A porcupine (Lair:3)
  A lava snake (Volcano)
  15 fungi
  12 plants
  10 toadstools (Lair:2)
41 creatures vanquished.

Grand Total: 517 creatures vanquished

Notes
Turn   | Place    | Note
-------+----------+-------------------------------------------
     0 | D:1      | Lemonice the Gnoll Skald began the quest for the Orb.
     0 | D:1      | Reached XP level 1. HP: 20/20 MP: 6/6
    86 | D:1      | Reached XP level 2. HP: 12/26 MP: 4/7
    96 | D:1      | Learned a level 2 spell: Song of Slaying
    99 | D:1      | Learned a level 2 spell: Shroud of Golubria
   608 | D:1      | Reached XP level 3. HP: 27/31 MP: 9/9
   771 | D:2      | Reached skill level 5 in Spellcasting
   835 | D:2      | Reached skill level 1 in Invocations
  1211 | D:2      | Reached skill level 1 in Short Blades
  1211 | D:2      | Reached skill level 1 in Axes
  1211 | D:2      | Reached skill level 1 in Maces & Flails
  1211 | D:2      | Reached skill level 1 in Polearms
  1211 | D:2      | Reached skill level 1 in Staves
  1211 | D:2      | Reached skill level 1 in Slings
  1211 | D:2      | Reached skill level 1 in Bows
  1211 | D:2      | Reached skill level 1 in Crossbows
  1211 | D:2      | Reached skill level 1 in Throwing
  1211 | D:2      | Reached skill level 1 in Stealth
  1211 | D:2      | Reached skill level 1 in Shields
  1211 | D:2      | Reached skill level 1 in Unarmed Combat
  1211 | D:2      | Reached skill level 1 in Evocations
  1626 | D:3      | Reached XP level 4. HP: 32/38 MP: 11/11
  1656 | D:3      | Noticed a bullfrog
  1666 | D:3      | Killed a bullfrog
  1666 | D:3      | Reached skill level 1 in Conjurations
  1666 | D:3      | Reached skill level 1 in Hexes
  1666 | D:3      | Reached skill level 1 in Summonings
  1666 | D:3      | Reached skill level 1 in Necromancy
  1666 | D:3      | Reached skill level 1 in Translocations
  1666 | D:3      | Reached skill level 1 in Transmutations
  1666 | D:3      | Reached skill level 1 in Fire Magic
  1666 | D:3      | Reached skill level 1 in Ice Magic
  1666 | D:3      | Reached skill level 1 in Air Magic
  1666 | D:3      | Reached skill level 1 in Earth Magic
  1666 | D:3      | Reached skill level 1 in Poison Magic
  1666 | D:3      | Reached XP level 5. HP: 23/43 MP: 4/12
  1915 | D:3      | Found a glowing drain.
  1919 | Sewer    | Entered a sewer
  2090 | Sewer    | Learned a level 3 spell: Regeneration
  2094 | Sewer    | Learned a level 3 spell: Spectral Weapon
  2363 | Sewer    | Reached XP level 6. HP: 35/50 MP: 6/13
  2531 | Sewer    | Got a transparent buckler
  2591 | Sewer    | Identified the +2 buckler of Responsibility {MR+} (You
                  | found it in a sewer)
  2830 | D:3      | Found a faded altar of an unknown god.
  3245 | D:3      | Found an iron altar of Okawaru.
  3360 | D:3      | Reached skill level 5 in Fighting
  3360 | D:3      | Reached skill level 5 in Long Blades
  3360 | D:3      | Reached skill level 5 in Dodging
  3716 | D:4      | Gained mutation: Your spells are a little easier to cast,
                  | but a little less powerful. [potion of mutation]
  3716 | D:4      | Gained mutation: Your flesh is heat resistant. (rF+)
                  | [potion of mutation]
  3716 | D:4      | Gained mutation: You have a pair of small horns on your
                  | head. [potion of mutation]
  3743 | D:4      | Reached XP level 7. HP: 36/56 MP: 3/15
  4263 | D:5      | Entered Level 5 of the Dungeon
  4424 | D:5      | Noticed Blork the orc
  4484 | D:4      | Reached XP level 8. HP: 63/63 MP: 11/16
  4495 | D:5      | Killed Blork the orc
  4517 | D:5      | Noticed Edmund
  4547 | D:5      | Killed Edmund
  4593 | D:5      | Noticed Sigmund
  4654 | D:5      | Killed Sigmund
  4654 | D:5      | Reached skill level 6 in Spellcasting
  4998 | D:6      | Reached XP level 9. HP: 65/69 MP: 18/18
  5141 | D:6      | Found a staircase to the Ecumenical Temple.
  5208 | Temple   | Entered the Ecumenical Temple
  5641 | D:6      | Found a snail-covered altar of Cheibriados.
  6125 | D:7      | Got a dazzling falchion
  6126 | D:7      | Identified the cursed +0 falchion of Absolution {protect,
                  | rN+ Int+4} (You found it on level 7 of the Dungeon)
  6532 | D:8      | Found a shattered altar of Ashenzari.
  6655 | D:8      | Reached skill level 5 in Armour
  6687 | D:8      | Reached skill level 5 in Invocations
  6744 | D:8      | Noticed a troll
  6763 | D:8      | Killed a troll
  6763 | D:8      | Reached XP level 10. HP: 69/77 MP: 10/20
  6780 | D:8      | Reached skill level 7 in Spellcasting
  6784 | D:8      | Found a runed translucent door.
  6882 | D:8      | Reached skill level 5 in Short Blades
  6882 | D:8      | Reached skill level 5 in Axes
  6882 | D:8      | Reached skill level 5 in Maces & Flails
  6882 | D:8      | Reached skill level 5 in Polearms
  6882 | D:8      | Reached skill level 5 in Staves
  6882 | D:8      | Reached skill level 5 in Slings
  6882 | D:8      | Reached skill level 5 in Bows
  6882 | D:8      | Reached skill level 5 in Crossbows
  6882 | D:8      | Reached skill level 5 in Throwing
  6882 | D:8      | Reached skill level 5 in Stealth
  6882 | D:8      | Reached skill level 5 in Shields
  6882 | D:8      | Reached skill level 5 in Unarmed Combat
  6882 | D:8      | Reached skill level 5 in Evocations
  7102 | D:8      | Found a runed translucent door.
  7110 | D:8      | Learned a level 1 spell: Confusing Touch
  7112 | D:8      | Learned a level 1 spell: Animate Skeleton
  7124 | D:8      | Noticed Joseph
  7155 | D:8      | Killed Joseph
  7316 | D:8      | Noticed a two-headed ogre
  7383 | D:8      | Killed a two-headed ogre
  7410 | D:8      | Noticed Psyche
  7427 | D:8      | Killed Psyche
  7610 | D:9      | Reached XP level 11. HP: 84/84 MP: 10/22
  7619 | D:9      | Found a blossoming altar of Fedhas.
  7622 | D:9      | Found a stormy altar of Qazlal.
  7727 | D:9      | Noticed a white ugly thing
  7744 | D:9      | Killed a white ugly thing
  7754 | D:9      | You fall into a shaft and drop 3 floors!
  7795 | D:11     | Noticed a two-headed ogre
  7966 | D:11     | Noticed a seven-headed hydra
  8017 | D:11     | Noticed a two-headed ogre
  8146 | D:10     | Entered Level 10 of the Dungeon
  8146 | D:10     | Noticed Erica
  8158 | D:10     | Killed Erica
  8158 | D:10     | Reached skill level 5 in Conjurations
  8158 | D:10     | Reached skill level 5 in Hexes
  8158 | D:10     | Reached skill level 5 in Summonings
  8158 | D:10     | Reached skill level 5 in Necromancy
  8158 | D:10     | Reached skill level 5 in Translocations
  8158 | D:10     | Reached skill level 5 in Transmutations
  8158 | D:10     | Reached skill level 5 in Fire Magic
  8158 | D:10     | Reached skill level 5 in Ice Magic
  8158 | D:10     | Reached skill level 5 in Air Magic
  8158 | D:10     | Reached skill level 5 in Earth Magic
  8158 | D:10     | Reached skill level 5 in Poison Magic
  8278 | D:9      | Noticed a two-headed ogre
  8295 | D:9      | Killed a two-headed ogre
  8295 | D:9      | Reached skill level 8 in Spellcasting
  8654 | D:9      | Found a bloodstained altar of Trog.
  8657 | D:9      | Found an iron altar of Okawaru.
  8660 | D:9      | Found a shimmering altar of Xom.
  8663 | D:9      | Found a sacrificial altar of Ru.
  8667 | D:9      | Became a worshipper of Ru the Awakened
  9155 | D:10     | Found a staircase to the Lair.
  9553 | D:10     | Noticed an unseen horror
  9559 | D:10     | Killed an unseen horror
  9755 | D:11     | Killed a two-headed ogre
  9933 | D:11     | Killed a seven-headed hydra
  9933 | D:11     | Reached XP level 12. HP: 54/93 MP: 10/24
 10328 | D:11     | Killed a two-headed ogre
 10453 | D:12     | Gained mutation: You cannot study or cast Air magic. [Ru
                  | sacrifice]
 10453 | D:12     | Gained mutation: You cannot study or cast Transmutations
                  | magic. [Ru sacrifice]
 10453 | D:12     | Gained mutation: You cannot study or cast Conjurations
                  | magic. [Ru sacrifice]
 10453 | D:12     | Reached * piety under Ru
 10674 | D:12     | Found a shadowy altar of Dithmenos.
 10704 | D:12     | Found the +3 robe of Folly {Archmagi, MR-- Int+5}
 10737 | D:12     | Found a staircase to the Orcish Mines.
 11383 | Lair:1   | Entered Level 1 of the Lair of Beasts
 11383 | Lair:1   | Noticed a catoblepas
 11404 | Lair:1   | Killed a catoblepas
 11502 | Lair:1   | Got a bloodstained leather armour
 11545 | Lair:1   | Identified the +1 leather armour "Womyusm" {rF+ MR+} (You
                  | found it on level 1 of the Lair of Beasts)
 11569 | Lair:1   | Got a thick robe
 11580 | Lair:1   | Identified the cursed +1 robe "Acvakk" {Int+3} (You found
                  | it on level 1 of the Lair of Beasts)
 11636 | Lair:1   | Reached skill level 9 in Spellcasting
 11925 | Lair:1   | Gained mutation: You cannot read scrolls while threatened.
                  | [Ru sacrifice]
 11925 | Lair:1   | Reached ** piety under Ru
 12320 | Lair:2   | Noticed Fannar
 12484 | Lair:2   | Found a dark tunnel.
 12493 | Volcano  | Entered a volcano
 12816 | Volcano  | Found a bloodstained altar of Trog.
 12970 | Volcano  | Reached XP level 13. HP: 96/101 MP: 9/26
 13109 | Lair:2   | Killed Fannar
 13331 | Lair:2   | Got a shimmering morningstar
 13334 | Lair:2   | Identified the +10 morningstar of Puroven {flame, rElec
                  | rPois Dex+3} (You found it on level 2 of the Lair of
                  | Beasts)
 13646 | Lair:2   | Found a staircase to the Swamp.
 14038 | Lair:2   | Noticed a dire elephant
 14310 | Lair:2   | Found a runed translucent door.
 14334 | Lair:2   | Gained mutation: You are hated by all. [Ru sacrifice]
 14334 | Lair:2   | Reached *** piety under Ru
 14392 | Lair:2   | Killed a dire elephant
 14420 | Lair:2   | Got a fine copper ring
 14423 | Lair:2   | Identified the ring "Alishab" {rF+ rN+ MR+ Int+4} (You
                  | found it on level 2 of the Lair of Beasts)
 14550 | Lair:3   | Found a staircase to the Snake Pit.
 15232 | Lair:3   | Got a slimy quarterstaff
 15239 | Lair:3   | Identified the +7 quarterstaff of the Other Side {drain,
                  | rElec rC+} (You found it on level 3 of the Lair of Beasts)
 15460 | Lair:4   | Noticed Sonja
 15513 | Lair:4   | Noticed an entropy weaver
 15536 | Lair:4   | Killed an entropy weaver
 15641 | Lair:4   | Reached skill level 10 in Spellcasting
 15651 | Lair:4   | Noticed an entropy weaver
 15772 | Lair:4   | HP: 2/103 [soldier ant (12)]
 15773 | Lair:4   | Slain by an entropy weaver

Levels and vault maps discovered:
D:1:      psy_arrival_whirlpool, layout_basic, minmay_tromino_v4_a
D:2:      layout_basic
D:3:      layout_basic, first_ration, gup_sewer_entry_spiral,
          chequers_ecumenical_altar_grove, okawaru_altar_gauntlet_db
D:4:      layout_loops_ring
D:5:      layout_rooms, uniq_blork_the_orc, uniq_edmund, uniq_sigmund
D:6:      layout_cave_pools, nicolae_overflow_hidden_temple, temple_fountains,
          corexii_corridor_pit, hangedman_abyss_or_decor_lesser_grid
D:7:      layout_loops_ring
D:8:      cheibrodos_histonic, layout_rooms, grunt_livestock,
          nicolae_ashenzari_panopticon, uniq_joseph, uniq_psyche
D:9:      layout_basic, grunt_temple_overflow_forces_of_nature,
          grunt_temple_overflow_cloverleaf
D:10:     layout_loops_ring, due_lair_maze_entry_diamond, uniq_erica
D:11:     layout_irregular_city
D:12:     layout_irregular_city, orc_0_dummy, hangedman_decor_peaks_small,
          grunt_dithmenos_smoke_and_mirrors
Temple:   regret_index_temple_generic_petals
Lair:1:   layout_roguey, chequers_serial_rivers_micro_a, st_stairs_6
Lair:2:   gammafunk_lair_enchanted_lake, layout_regular_city,
          minmay_swamp_entry_worms, nicolae_volcano_entry_lava_flow,
          beast_lair_carwin_1, serial_bayou_shore_a, uniq_fannar
Lair:3:   layout_chaotic_city, minmay_snake_entry_guardpost_small, wad_woods_06,
          beast_lair_carwin_2
Lair:4:   layout_misc_corridors, minivault_29, lemuel_fruit_fields, uniq_sonja

Skill      XL: |  1  2  3  4  5  6  7  8  9 10 11 12 13 |
---------------+----------------------------------------+-----
Spellcasting   | 5 6 7 8 9 10 | 10.0
Invocations    | 1 2 3 4 5 6 7 8 9 |  9.4
Short Blades   | 1 2 3 4 5 6 7 8 |  8.6
Axes           | 1 2 3 4 5 6 7 8 |  8.6
Maces & Flails | 1 2 3 4 5 6 7 8 |  8.6
Polearms       | 1 2 3 4 5 6 7 8 |  8.6
Staves         | 1 2 3 4 5 6 7 8 |  8.6
Slings         | 1 2 3 4 5 6 7 8 |  8.6
Bows           | 1 2 3 4 5 6 7 8 |  8.6
Crossbows      | 1 2 3 4 5 6 7 8 |  8.6
Throwing       | 1 2 3 4 5 6 7 8 |  8.6
Stealth        | 1 2 3 4 5 6 7 8 |  8.6
Shields        | 1 2 3 4 5 6 7 8 |  8.6
Unarmed Combat | 1 2 3 4 5 6 7 8 |  8.6
Evocations     | 1 2 3 4 5 6 7 8 |  8.6
Conjurations   | 1 2 3 4 5 0 |  0.0
Hexes          | 1 2 3 4 5 6 7 |  7.1
Summonings     | 1 2 3 4 5 6 7 |  7.1
Necromancy     | 1 2 3 4 5 6 7 |  7.1
Translocations | 1 2 3 4 5 6 7 |  7.1
Transmutations | 1 2 3 4 5 0 |  0.0
Fire Magic     | 1 2 3 4 5 6 7 |  7.1
Ice Magic      | 1 2 3 4 5 6 7 |  7.1
Air Magic      | 1 2 3 4 5 0 |  0.0
Earth Magic    | 1 2 3 4 5 6 7 |  7.1
Poison Magic   | 1 2 3 4 5 6 7 |  7.1
Armour         | 3 4 5 6 7 8 9 |  9.0
Fighting       | 5 6 7 8 9 |  9.8
Long Blades    | 5 6 7 8 9 |  9.8
Dodging        | 5 6 7 8 9 |  9.8
Charms         | 6 7 8 9 |  9.1

Action                   |  1- 3 |  4- 6 |  7- 9 | 10-12 | 13-15 || total
-------------------------+-------+-------+-------+-------+-------++-------
Melee: Falchion          |    91 |   238 |     4 |       |       ||   333
       Bite              |     8 |    25 |    28 |    66 |    43 ||   170
       Dagger            |       |       |   234 |   380 |       ||   614
       Headbutt          |       |       |    41 |   125 |    81 ||   247
       Scimitar          |       |       |       |   219 |    29 ||   248
       Morningstar       |       |       |       |       |   299 ||   299
Throw: Boomerang         |       |    13 |       |    20 |     6 ||    39
 Cast: Infusion          |     3 |     6 |    15 |    37 |    18 ||    79
       Shroud of Golubri |     2 |     9 |    13 |    31 |    14 ||    69
       Song of Slaying   |     1 |     4 |       |    16 |     5 ||    26
       Regeneration      |       |     3 |     3 |    39 |    24 ||    69
       Spectral Weapon   |       |     1 |     4 |    12 |     1 ||    18
       Confusing Touch   |       |       |       |     3 |       ||     3
       Animate Skeleton  |       |       |       |    11 |     2 ||    13
Invok: Sacrifice Words   |       |       |       |     1 |       ||     1
       Sacrifice Arcana  |       |       |       |     1 |       ||     1
       Draw Out Power    |       |       |       |       |     2 ||     2
       Sacrifice Love    |       |       |       |       |     1 ||     1
Evoke: Wand              |       |       |       |     2 |     1 ||     3
  Use: Scroll            |     2 |     5 |     7 |    13 |     9 ||    36
       Potion            |       |     8 |       |     4 |     1 ||    13
 Stab: Sleeping          |     1 |     4 |     4 |    17 |     1 ||    27
       Distracted        |     1 |     1 |       |     7 |     6 ||    15
       Invisible         |       |       |       |       |     1 ||     1
  Eat: Chunk             |     2 |     7 |     5 |    13 |     5 ||    32
       Ration            |       |     1 |     1 |     4 |     2 ||     8
Armor: Leather armour    |    19 |    39 |       |    12 |       ||    70
       Skin              |       |    15 |     1 |       |       ||    16
       Troll leather arm |       |     9 |    45 |    57 |       ||   111
       Scale mail        |       |       |       |       |    83 ||    83
Dodge: Dodged            |    69 |   175 |   120 |   338 |   184 ||   886
Block: Buckler           |       |    42 |    62 |   225 |   167 ||   496
       Reflection        |       |       |       |       |     1 ||     1
       Rpst.: Falchion   |    18 |    48 |       |       |       ||    66
       Scimitar          |       |       |       |    40 |     4 ||    44
